Map: Proxima Station LE

Players

Fashion - Winner!

  • Race: Zerg Zerg
  • League: Master
  • Spawn Location: 7:00

Avilofanboy

  • Race: Terran Terran
  • League: Master
  • Spawn Location: 1:00

VOD

Have the link to the VOD?

Description

Time

  • Played on: July 7, 2017, 11:11 p.m.
  • Length: 19:34
Show
View Real Time Build Order
Export as new Build Order

Fashion Zerg - Winner!

Build Orders: Hatch First, Muta Ling Bane 

Get SALT Encoding   

  12  0:01  Drone  
  13  0:12  Overlord  
  13  0:18  Drone  
  14  0:31  Drone x2  
  14  0:34  Drone  
  17  0:54  Hatchery  
  17  0:55  Drone  
  17  0:59  Drone  
  18  1:09  Extractor  
  17  1:16  Spawning Pool  
  17  1:18  Drone  
  17  1:21  Drone  
  18  1:28  Drone  
  19  1:40  Overlord  
  19  1:51  Drone  
  20  2:02  Queen  
  20  2:03  Zergling x2  
  20  2:05  Queen  
  20  2:06  Zergling x2  
  26  2:12  Metabolic Boost  
  26  2:13  Drone  
  27  2:16  Drone  
  27  2:21  Drone  
  29  2:38  Queen  
  29  2:39  Drone x2  
  29  2:41  Queen  
  35  2:51  Overlord  
  35  2:52  Overlord  
  35  2:56  Zergling x2  
  36  3:21  Queen x2  
  36  3:24  Zergling x2  
  36  3:25  Zergling x14  
  48  3:38  Overlord x2  
  48  3:39  Zergling x6  
  51  3:50  Zergling x2  
  52  3:59  Drone x6  
  57  4:21  Drone x4  
  60  4:29  Zergling x8  
  62  4:36  Zergling x6  
  57  4:53  Drone x7  
  61  5:08  Lair  
  61  5:11  Extractor, Hatchery  
  59  5:15  Extractor x2, Hatchery, Drone x3  
  59  5:16  Drone x3  
  62  5:25  Drone x3  
  65  5:42  Overlord  
  65  5:43  Overlord x3  
  64  5:51  Evolution Chamber  
  64  5:53  Evolution Chamber  
  64  5:55  Hatchery  
  64  5:56  Baneling Nest  
  60  5:59  Zergling x14  
  67  6:10  Spire  
  66  6:13  Zergling x4  
  68  6:22  Zerg Ground Armor Level 1  
  68  6:23  Zerg Melee Weapons Level 1  
  68  6:26  Drone x3  
  68  6:27  Drone x2  
  68  6:32  Drone x3  
  76  6:33  Drone  
  76  6:34  Drone  
  76  6:37  Drone x2  
  76  6:38  Drone  
  81  6:50  Zergling x2  
  81  6:51  Zergling x8  
  86  6:59  Centrifical Hooks  
  86  7:01  Baneling x6  
  86  7:03  Drone x5  
  91  7:12  Drone x6  
  97  7:15  Queen  
  97  7:21  Zerg Flyer Weapons Level 1  
  99  7:35  Zergling x18  
  99  7:36  Overlord x3  
  108  7:38  Drone x2  
  108  7:39  Drone  
  108  7:40  Drone  
  108  7:44  Extractor x2  
  111  7:48  Drone x3  
  111  7:49  Drone x3  
  111  7:50  Zergling x4  
  118  8:06  Mutalisk x7  
  118  8:09  Overseer  
  132  8:24  Overlord x3  
  132  8:25  Mutalisk x2  
  132  8:26  Zergling x2  
  132  8:27  Zergling x10  
  141  8:33  Pneumatized Carapace  
  142  8:45  Zergling x6  
  142  8:46  Zergling x14  
  142  8:47  Mutalisk x2  
  142  8:48  Overlord x4  
  152  9:09  Zergling x36  
  150  9:11  Baneling x2  
  150  9:12  Baneling x8  
  150  9:21  Zerg Ground Armor Level 2, Zerg Melee Weapons Level 2  
  150  9:28  Zergling x12  
  150  9:29  Zergling x10  
  159  9:39  Baneling  
  159  9:40  Baneling x5  
  142  10:09  Zergling x2  
  142  10:10  Zergling x48  
  162  10:18  Mutalisk x5  
  172  10:25  Mutalisk  
  172  10:26  Mutalisk x3  
  180  10:46  Baneling  
  180  10:47  Baneling x6  
  169  11:04  Zergling x40  
  160  11:05  Zergling x6  
  160  11:06  Zerg Flyer Weapons Level 2, Baneling x12  
  160  11:10  Hatchery  
  178  11:26  Overseer  
  178  11:27  Overseer  
  178  11:37  Zergling x2  
  178  11:38  Zergling x26  
  178  12:01  Baneling  
  178  12:02  Baneling x13  
  161  12:11  Mutalisk x6  
  169  12:23  Zergling x44  
  164  13:03  Zergling x38  
  170  13:09  Baneling x12  
  170  13:15  Baneling x4  
  170  13:16  Baneling x10  
  163  13:28  Zergling x18  
  163  13:29  Zergling x12  
  163  13:31  Baneling x5  
  163  13:32  Baneling x8  
  178  13:48  Zergling x18  
  187  13:49  Overlord x3  
  187  13:53  Infestation Pit  
  186  13:58  Extractor  
  186  13:59  Extractor  
  173  14:30  Mutalisk  
  173  14:31  Mutalisk x10  
  177  14:43  Zergling x36  
  195  14:50  Baneling x4  
  195  14:51  Baneling x3  
  195  14:56  Zergling x8  
  195  14:59  Zerg Flyer Armor Level 1, Hive  
  199  15:04  Extractor x2  
  166  15:26  Zergling x36  
  166  15:27  Zergling x16  
  174  15:29  Baneling x13  
  174  15:30  Baneling x4  
  167  15:38  Zergling x2  
  167  15:39  Zergling x22  
  170  15:51  Zergling x14  
  170  15:52  Zergling x8  
  172  16:07  Baneling x12  
  172  16:08  Baneling x2  
  126  16:19  Zergling x2  
  126  16:20  Zergling x40  
  127  16:37  Mutalisk x9  
  127  16:38  Mutalisk x3  
  127  16:39  Zergling x4  
  148  16:40  Zergling x4  
  148  16:43  Baneling x4  
  143  17:03  Zergling x30  
  143  17:04  Zergling x16  
  143  17:05  Baneling  
  143  17:06  Hatchery, Baneling x7  
  164  17:12  Hatchery  
  164  17:15  Baneling x6  
  161  17:16  Baneling x2  
  148  17:36  Overseer  
  146  17:37  Overseer x2  
  145  18:01  Pathogen Glands  
  145  18:02  Ultralisk Cavern  
  106  18:20  Zergling x26  
  106  18:21  Zergling x22  
  128  18:31  Overseer  
  128  18:35  Zergling x18  
  128  18:51  Baneling x9  
  128  18:52  Baneling x6  
  114  19:03  Zergling x2  
  114  19:04  Zergling x16  
  114  19:16  Zergling x14  
  114  19:17  Zergling x4  
Show
View Real Time Build Order
Export as new Build Order

Avilofanboy Terran 

Build Orders: MMM Bio 

Get SALT Encoding   

  12  0:00  SCV  
  13  0:13  SCV  
  14  0:18  Supply Depot  
  14  0:25  SCV  
  15  0:39  SCV  
  15  0:40  Barracks  
  16  0:44  Refinery  
  16  0:51  SCV  
  17  1:01  Barracks  
  17  1:04  SCV  
  18  1:17  Barracks  
  18  1:22  SCV  
  19  1:29  Reaper  
  20  1:35  Refinery  
  20  1:37  SCV  
  21  1:47  Supply Depot  
  21  1:50  Reaper  
  22  2:03  Orbital Command  
  22  2:06  Reaper  
  23  2:15  Reaper  
  24  2:19  Supply Depot  
  24  2:24  Reaper  
  24  2:29  SCV  
  26  2:38  Reaper  
  27  2:45  SCV  
  27  2:47  Reaper  
  29  2:56  Reaper  
  30  3:07  Command Center  
  30  3:08  SCV  
  31  3:16  Reaper  
  32  3:20  SCV  
  33  3:28  Reaper  
  33  3:32  SCV  
  33  3:33  Reaper  
  36  3:36  Supply Depot  
  36  3:45  SCV  
  37  3:51  Reaper  
  38  3:57  SCV  
  38  4:02  Command Center  
  39  4:03  Reaper  
  39  4:05  Reaper  
  41  4:23  Reaper  
  41  4:35  Reaper  
  41  4:37  Reaper  
  42  4:39  SCV  
  42  4:42  Barracks  
  42  4:43  Barracks  
  38  4:56  Reaper  
  36  5:04  SCV  
  36  5:05  Orbital Command  
  36  5:07  Reaper  
  36  5:11  Reaper  
  38  5:14  Orbital Command  
  38  5:16  SCV  
  38  5:21  Engineering Bay  
  39  5:23  Engineering Bay  
  39  5:28  SCV  
  40  5:29  Refinery  
  40  5:30  Refinery  
  40  5:31  Reaper  
  41  5:36  SCV  
  41  5:39  Reaper  
  41  5:40  SCV, Reaper  
  45  5:43  SCV, Reaper  
  45  5:46  Reaper  
  45  5:48  SCV  
  49  5:52  SCV  
  50  6:01  SCV x2  
  50  6:03  Terran Infantry Weapons Level 1, Reaper  
  53  6:05  Supply Depot  
  53  6:06  Terran Infantry Armor Level 1  
  53  6:12  Barracks Tech Lab  
  53  6:13  Marine  
  53  6:14  Marine  
  53  6:15  Orbital Command  
  53  6:17  SCV  
  53  6:18  SCV, Marine  
  57  6:25  Factory  
  58  6:29  SCV  
  58  6:31  Marine  
  58  6:32  Marine  
  60  6:33  Stimpack, Marine  
  60  6:37  Barracks  
  60  6:38  Marine  
  60  6:39  Marine, Barracks  
  64  6:40  Barracks  
  64  6:54  Marine x3  
  64  6:56  Marine  
  64  6:58  SCV  
  69  7:02  SCV  
  69  7:06  SCV  
  71  7:10  Marine, SCV  
  71  7:12  Marine x3  
  71  7:14  Factory Reactor  
  76  7:16  Starport  
  76  7:17  Armory  
  76  7:19  Marine  
  76  7:22  SCV  
  78  7:25  Supply Depot  
  78  7:26  SCV x2  
  78  7:27  Marine  
  78  7:29  Barracks Reactor  
  81  7:31  Barracks Reactor  
  81  7:32  Barracks Reactor x2  
  81  7:37  SCV  
  81  7:41  Barracks Reactor, SCV  
  81  7:42  Supply Depot  
  81  7:43  Barracks Reactor  
  83  7:47  Barracks Tech Lab  
  83  7:49  SCV  
  84  7:53  Supply Depot  
  84  7:58  SCV  
  85  8:00  SCV  
  85  8:02  Medivac  
  85  8:03  Medivac  
  90  8:07  Supply Depot, Terran Infantry Weapons Level 2  
  90  8:08  Marine x2  
  90  8:09  Marine x3  
  90  8:11  Terran Infantry Armor Level 2  
  95  8:13  SCV x2  
  95  8:15  Marine x3  
  95  8:16  Marauder, Supply Depot  
  95  8:17  SCV  
  103  8:23  Marine  
  103  8:24  Marine x3  
  103  8:25  Supply Depot, Concussive Shells  
  107  8:30  SCV  
  107  8:32  Marine, Supply Depot  
  107  8:33  SCV x2  
  107  8:34  Combat Shields  
  111  8:36  Marine x2  
  113  8:42  SCV  
  113  8:46  Marine x4, SCV  
  113  8:48  Supply Depot  
  119  8:51  Missile Turret  
  119  8:52  Missile Turret  
  119  8:54  Missile Turret  
  119  8:55  Marine x2  
  119  8:56  Marine x3  
  119  8:58  Marine x2  
  119  9:00  Marine  
  127  9:09  Marine  
  112  9:10  Marauder, Marine x3  
  112  9:15  Marine x2  
  112  9:16  Supply Depot  
  120  9:19  SCV  
  121  9:25  Missile Turret  
  121  9:27  Marine  
  121  9:29  Marine  
  121  9:30  Marine x2  
  125  9:31  Command Center  
  125  9:34  Marine x2  
  127  9:40  Marine x2  
  127  9:41  Marine  
  127  9:44  Marauder x2, Marine x2  
  136  9:49  SCV  
  136  9:50  SCV x2  
  139  9:52  Marine  
  139  9:53  Marine  
  141  10:01  SCV  
  128  10:09  Marauder, Marine x2  
  128  10:11  Barracks Reactor  
  130  10:15  SCV, Marine x4  
  130  10:16  Marine  
  130  10:19  Medivac  
  138  10:22  Marine x5, Medivac  
  138  10:27  Marine  
  146  10:28  Widow Mine  
  146  10:31  Marauder  
  146  10:32  Missile Turret  
  146  10:33  Refinery x2  
  150  10:42  Terran Infantry Weapons Level 3, Supply Depot  
  150  10:49  Terran Infantry Armor Level 3  
  150  10:57  Widow Mine  
  150  11:04  Marauder, Marine x5  
  124  11:05  Marine x4  
  124  11:06  Marine  
  133  11:16  Planetary Fortress  
  133  11:18  SCV x2  
  133  11:19  Marine x2  
  137  11:26  Widow Mine  
  139  11:39  Marauder, Marine x6  
  130  11:40  Marine x4  
  130  11:41  Marine x3  
  130  11:42  Medivac x2  
  143  11:47  Factory  
  143  11:48  Missile Turret  
  143  11:50  Missile Turret  
  143  11:54  Widow Mine  
  143  12:01  Marauder, Marine x3  
  145  12:03  Marine x5  
  145  12:04  Marine x2  
  145  12:05  Marine x2  
  145  12:06  Marine x2  
  145  12:12  SCV  
  146  12:19  Missile Turret  
  146  12:22  Missile Turret  
  146  12:25  Supply Depot  
  146  12:28  Marine x2, Supply Depot  
  146  12:29  Marine  
  148  12:47  Marine x10  
  148  12:48  Marine  
  148  12:49  Marine x3  
  148  12:50  Marauder  
  161  12:55  Medivac x2  
  133  13:05  Marine x5  
  128  13:08  Marine x3  
  128  13:11  Marauder  
  133  13:17  Missile Turret x2  
  133  13:18  Missile Turret x2  
  130  13:23  Marine  
  130  13:24  Marine  
  130  13:25  Medivac x2  
  130  13:26  Marine x5  
  133  13:27  Marine  
  133  13:28  Marine x3  
  133  13:31  Widow Mine  
  133  13:33  Marauder  
  141  13:36  Marine x2  
  141  13:38  Factory Tech Lab  
  141  13:39  Marine  
  144  13:41  Marine  
  145  13:51  Marine x3  
  145  13:52  Marine x5  
  145  13:53  Marine x2  
  145  13:54  Marauder  
  157  13:57  Missile Turret  
  157  14:00  Thor, Missile Turret  
  157  14:02  Orbital Command  
  163  14:09  Widow Mine  
  160  14:12  Marine x3  
  160  14:13  Marine x2  
  160  14:17  Marine x4  
  164  14:18  SCV, Marine  
  164  14:19  Marine  
  164  14:22  Marine  
  164  14:23  SCV  
  164  14:25  Marine  
  164  14:26  Marine  
  164  14:27  Marine, SCV  
  164  14:29  Missile Turret x2  
  164  14:30  Marine x3, SCV  
  164  14:31  Marine x2, Missile Turret  
  158  14:34  Marine  
  158  14:35  Marine x3  
  158  14:36  Marine  
  158  14:37  Marine  
  158  14:38  Widow Mine  
  164  14:45  Marine, SCV  
  164  15:00  Missile Turret  
  164  15:10  SCV, Marine  
  164  15:11  Marine x3  
  164  15:12  Marine x2, SCV  
  164  15:16  Marine x2, SCV, Widow Mine  
  164  15:19  SCV  
  164  15:20  Marine  
  164  15:21  Widow Mine  
  164  15:22  SCV, Medivac  
  164  15:25  Medivac  
  162  15:30  Marauder  
  162  15:31  Marine x2  
  162  15:33  Marine  
  162  15:34  Marine  
  148  15:43  Marine  
  148  15:44  Marine  
  148  15:46  Marine  
  148  15:48  Marine x5, Widow Mine  
  148  15:49  Widow Mine  
  144  15:52  Marauder  
  144  15:54  Marine  
  149  16:11  Marine  
  149  16:12  SCV, Marine x6  
  149  16:13  Marauder, Marine x2, Medivac x2  
  149  16:15  Marine x2  
  149  16:16  Widow Mine  
  149  16:18  Widow Mine  
  115  16:19  Marine  
  115  16:20  Marine x2  
  113  16:29  Marine  
  113  16:30  Marine x8  
  103  16:33  Marine x2  
  103  16:35  Marauder  
  103  16:36  Marine  
  103  16:38  Marine x2  
  103  16:43  Medivac x2  
  107  16:47  Marine  
  107  16:48  Marine x8  
  107  16:49  Widow Mine  
  107  16:51  Marine x2  
  120  16:54  Marine  
  120  16:56  Marauder, Marine x2  
  123  17:05  Marine x3  
  123  17:06  Marine x5  
  131  17:13  Medivac x2  
  119  17:17  Marauder  
  106  17:25  Marine x3  
  102  17:30  Marine x3  
  102  17:33  Marine  
  105  17:37  Marine  
  108  17:51  Marine x5  
  109  17:52  Marine  
  109  17:54  Marine  
  109  17:55  Marine x6  
  109  17:58  Marine x2  
  94  18:20  Marine x3  
  94  18:22  Marine x4  
  100  18:27  Marine x4  
  100  18:28  Marine x2  
  100  18:33  Marine x2  
  103  18:51  Marine x2  
  103  18:53  Marine x3  
  103  18:54  Marine x2  
  89  19:05  Marine x2  
  89  19:08  Marine  
Tags
 
Add a new tag
Caveats
  • Supply blocks, unpowered buildings, or Contaminate may cause inaccurate times.
  • Supply counts are checked every 10 seconds.